[Event "German Bundesliga 2022-23"]
[Site "Germany"]
[Date "2022.10.22"]
[Round "1"]
[White "Harikrishna, Pentala"]
[Black "Brkic, Ante"]
[Result "1/2-1/2"]
[ECO "D38"]
[WhiteElo "2717"]
[BlackElo "2602"]
[Annotator "TA"]
[PlyCount "61"]
[EventDate "2022.10.21"]
[EventType "team-tourn"]
[EventCountry "GER"]
[SourceTitle "playchess.com"]
[Source "ChessBase"]
[SourceQuality "1"]
[TimeControl "40/6000+30:3000+30"]

1. d4 Nf6 2. c4 e6 3. Nf3 d5 4. Nc3 Bb4 5. Qa4+ Nc6 6. e3 O-O 7. Bd2 a5 {[%emt 0:04:15] D38: Queen's Gambit Declined: Ragozin Defence (4 Nf3 Bb4).} 8. Qc2 Ne7 9. a3 Bxc3 10. Bxc3 b6 {[%emt 0:00:22] [#]} 11. Nd2 $146 ({Predecessor:} 11. cxd5 exd5 12. Bd3 Ba6 {½-½ (12) Iniyan,P (2556)-Pichot,A (2641) Tashkent 2022}) 11... Ba6 12. e4 c5 13. cxd5 Bxf1 14. Nxf1 exd5 15. Ng3 cxd4 16. Bxd4 Rc8 17. Qe2 Nxe4 18. Nxe4 dxe4 19. Rd1 {[%emt 0:00:16][%cal Od4g7] [#] Strongly threatening Bxg7!} Qc7 (19... Nd5 $5 ) 20. Qxe4 {[%emt 0:07:44] The position is equal.} Rfe8 21. O-O Nc6 22. Qf3 Nxd4 23. Rxd4 Rcd8 24. Rxd8 Rxd8 25. Rd1 Rxd1+ 26. Qxd1 $11 {[%emt 0:00:04] KQ-KQ} g6 27. g3 Qc5 28. a4 Kg7 29. b3 h5 30. h4 Kf6 31. Qd7 {[%emt 0:01:14] A balanced but interesting game.  Weighted Error Value: White=0.05 (flawless) /Black=0.02 (flawless)} 1/2-1/2

[Event "German Bundesliga 2022-23"]
[Site "Germany"]
[Date "2022.10.22"]
[Round "1"]
[White "Navara, David"]
[Black "McShane, Luke J"]
[Result "1-0"]
[ECO "E16"]
[WhiteElo "2676"]
[BlackElo "2653"]
[Annotator "TA"]
[PlyCount "69"]
[EventDate "2022.10.21"]
[EventType "team-tourn"]
[EventCountry "GER"]
[SourceTitle "playchess.com"]
[Source "ChessBase"]
[SourceQuality "1"]
[TimeControl "40/6000+30:3000+30"]

1. d4 Nf6 2. c4 e6 3. Nf3 Bb4+ 4. Bd2 Qe7 5. g3 Nc6 6. Bg2 Bxd2+ 7. Nbxd2 d6 8. Nb1 $5 {[%emt 0:09:36][%mdl 4] A promising side line. E11: Bogo-Indian.} e5 9. Nc3 {[%emt 0:04:24] [#]} Bg4 $146 ({Predecessor:} 9... O-O 10. O-O Bg4 11. d5 Nb8 12. Ne1 a5 13. f3 Bd7 14. Nd3 Na6 15. e4 c6 {½-½ (43) Saiyn,Z (2377)-Kesidis,O (2244) Moscow 2018}) 10. d5 {[%emt 0:00:39] White is slightly better.} Nb8 11. Qb3 Bc8 12. O-O O-O 13. Nd2 a5 14. Qc2 Na6 15. a3 Bd7 16. Rab1 Nc5 17. b4 axb4 18. axb4 Na4 19. Nxa4 Rxa4 20. b5 Rfa8 21. b6 Bg4 22. e4 h5 23. h3 Bc8 24. c5 dxc5 25. Nc4 $1 {[%emt 0:00:33] White is more active.} Rb4 26. Rxb4 (26. Rfd1 $14) 26... cxb4 $11 27. Qb2 c5 28. Ra1 Rxa1+ 29. Qxa1 Nd7 30. h4 g5 $2 {[%emt 0:07:33] [#]} (30... g6 $11 {and Black stays safe.}) 31. Qa8 $18 Qd8 32. hxg5 b3 33. Bf1 Nxb6 $2 (33... Kh7 {is more resistant.} 34. Qa3 Qxg5 35. Qxb3 Qh6) 34. Nxb6 b2 (34... Qxb6 $142 35. Qxc8+ Kg7) 35. Nxc8 {[%emt 0:00:16] Weighted Error Value: White=0.07 (flawless) /Black=0.32} ({But not} 35. Qxc8 $2 Qxc8 36. Nxc8 b1=Q $19) ({Weaker is} 35. Bd3 Qxb6 36. Qxc8+ Kg7 $18) 1-0

[Event "German Bundesliga 2022-23"]
[Site "Germany"]
[Date "2022.10.22"]
[Round "1"]
[White "Fressinet, Laurent"]
[Black "Nguyen, Thai Dai Van"]
[Result "1/2-1/2"]
[ECO "D37"]
[WhiteElo "2622"]
[BlackElo "2634"]
[Annotator "TA"]
[PlyCount "59"]
[EventDate "2022.10.21"]
[EventType "team-tourn"]
[EventCountry "GER"]
[SourceTitle "playchess.com"]
[Source "ChessBase"]
[SourceQuality "1"]
[TimeControl "40/6000+30:3000+30"]

1. d4 Nf6 2. c4 e6 3. Nf3 d5 4. Nc3 Be7 5. Bf4 O-O 6. e3 Nbd7 7. Be2 dxc4 {[%emt 0:00:48] D37: Queen's Gambit Declined: 5 Bf4.} 8. O-O Nb6 9. a4 {[%emt 0:01:32][%mdl 1024] White has compensation.} (9. Qc2 {with more complications.} Nfd5 10. Be5 Bd6 11. Ne4) 9... a5 10. e4 Bb4 11. Qc2 {[%emt 0:03:36] [#]} h6 $146 ({Predecessor:} 11... Ne8 12. Rfd1 Nd6 13. Nd2 h6 14. Bxd6 cxd6 15. Nxc4 Nxc4 16. Bxc4 Bd7 17. Na2 Qb6 {½-½ (32) Clowes,M (2357)-Fuzishawa,R (2353) ICCF email 2016}) 12. Rfd1 Qe7 13. Ne5 Bd6 14. Be3 c5 (14... Bd7 $5) 15. Nb5 ({Much weaker is} 15. Bxc4 Bxe5 16. dxe5 Ng4 $15) (15. Nxf7 $5 Rxf7 16. e5 Bxe5 17. dxe5 $14) 15... cxd4 $1 16. Bxd4 Bc5 17. Nxc4 Nxc4 18. Qxc4 Bxd4 19. Qxd4 ({Much worse is} 19. Nxd4 Nxe4 20. Nf3 Nf6 $11) 19... Bd7 20. Qd6 (20. e5 $5 Nd5 21. Nc7 $1 $14) 20... Qxd6 21. Nxd6 Bc6 22. f3 Rfd8 23. Bb5 Bxb5 24. axb5 Rd7 25. Nc4 a4 26. Kf1 Rxd1+ 27. Rxd1 Rc8 28. Rd4 Nd7 {[%emt 0:02:21][%cal Oc8c5] [#]} 29. Ne3 ({Don't play} 29. Rxd7 $6 Rxc4 30. Rxb7 Rc2 $11) (29. Nd6 $1 $16 Rc1+ 30. Ke2) 29... Nb6 $11 30. Rd6 {[%emt 0:07:04] Weighted Error Value: White=0.09 (flawless) /Black=0.05 (flawless)} 1/2-1/2

[Event "German Bundesliga 2022-23"]
[Site "Germany"]
[Date "2022.10.22"]
[Round "1"]
[White "L'Ami, Erwin"]
[Black "Stevic, Hrvoje"]
[Result "1-0"]
[ECO "D20"]
[WhiteElo "2617"]
[BlackElo "2565"]
[Annotator "TA"]
[PlyCount "91"]
[EventDate "2022.10.21"]
[EventType "team-tourn"]
[EventCountry "GER"]
[SourceTitle "playchess.com"]
[Source "ChessBase"]
[SourceQuality "1"]
[TimeControl "40/6000+30:3000+30"]

1. d4 d5 2. c4 dxc4 3. e4 e5 4. Nf3 exd4 5. Bxc4 Nc6 6. O-O Be6 {[%emt 0:00:05] D20: Queen's Gambit Accepted: 3 e3 and 3 e4.} 7. Nbd2 {[%emt 0:01:11] 7.Bxe6 is the modern continuation.} Qf6 8. Qa4 $5 {[%emt 0:01:20][%mdl 4] [#] Exploring less charted territory.} Bc5 $146 (8... O-O-O $11) ({Predecessor:} 8... O-O-O 9. Bb5 Nge7 10. Nb3 Bg4 11. Bg5 Qg6 12. Nbd2 f6 13. Bf4 Bxf3 14. Nxf3 Qxe4 {½-½ (22) Cermak,J (2223)-Preussner,M (2111) ICCF email 2021}) 9. Bxe6 ({Better is} 9. b4 $1 $16 Bb6 10. b5) 9... Qxe6 $14 10. b4 Bb6 11. b5 Ne5 (11... Nce7 $16) 12. Nxe5 $1 $18 Qxe5 13. Nc4 $1 Qe6 (13... Qxe4 $2 14. Nxb6 cxb6 15. Ba3 $18) 14. Nxb6 Qxb6 15. Bb2 Ne7 16. Bxd4 Qe6 17. b6+ (17. Bxg7 Rg8 $11) (17. f4 $142) 17... Nc6 $16 18. bxa7 {[%emt 0:03:34] Bc5 is the strong threat. White has more active pieces.} O-O {[%emt 0:00:32] [#]} 19. Be3 $1 b5 20. Qxb5 {[%emt 0:07:59] Hoping for Qb7.} Nxa7 21. Qd5 Qxd5 22. exd5 Rfd8 23. Rfc1 Rxd5 24. Rxc7 Nb5 25. Rc5 Rxc5 26. Bxc5 {[%emt 0:00:09][%mdl 4096] Endgame KRB-KRN} f6 (26... Na3 $16 {is a better defense.}) 27. a4 $18 Kf7 28. g3 Nc3 29. a5 Ra6 30. Bb4 Ne2+ 31. Kf1 Nd4 32. Bc3 Nb5 33. Bd2 h5 (33... Nd4 $142) 34. Rb1 Nd6 35. h4 Ke6 36. Ke2 Kd5 37. Kd3 Ne4 38. Rb5+ Kc6 39. Rf5 ({But not} 39. Rxh5 Nxf2+ 40. Kd4 Ra7 41. Rc5+ Kb7 $18) 39... g6 40. Kxe4 gxf5+ 41. Kxf5 {[%emt 0:50:08] KR-KB} Kd5 $2 {[%emt 0:18:24] [#]} (41... Kd7 42. Kg6 Ke6) 42. g4 $1 hxg4 43. h5 {[%emt 0:00:00][%cal Bh4h5,Bh5h6,Bh6h7][%mdl 32] Threatens to win with h6.} Re6 44. h6 {[%emt 0:00:00] Intending h7 and mate.} Re2 45. h7 Rxf2+ 46. Bf4 {[%emt 0:00:00] Weighted Error Value: White=0.09 (flawless) /Black=0.56} ({Worse is} 46. Kxg4 Rh2 47. Kf5 Rxh7 $11) 1-0

[Event "German Bundesliga 2022-23"]
[Site "Germany"]
[Date "2022.10.22"]
[Round "1"]
[White "Markus, Robert"]
[Black "Ragger, Markus"]
[Result "1/2-1/2"]
[ECO "A48"]
[WhiteElo "2615"]
[BlackElo "2632"]
[Annotator "RC"]
[PlyCount "50"]
[EventDate "2022.10.21"]
[EventType "team-tourn"]
[EventCountry "GER"]
[SourceTitle "playchess.com"]
[Source "ChessBase"]
[SourceQuality "1"]
[TimeControl "40/6000+30:3000+30"]

1. d4 Nf6 2. Nf3 g6 3. Bf4 Bg7 4. c3 O-O 5. Nbd2 d6 6. e4 Nbd7 7. Be2 b6 8. O-O Bb7 9. Qc2 e5 10. Bg3 Nh5 11. Bh4 Bf6 12. Bxf6 Qxf6 13. g3 Ng7 14. a4 a5 15. Rfe1 Rfd8 16. Rad1 Ne6 17. Bf1 Ng5 18. Nxg5 Qxg5 19. Bg2 Nf8 20. Nc4 Re8 21. Na3 Ne6 22. Nb5 Qe7 23. d5 Nf8 24. b4 Bc8 25. Bf1 h5 1/2-1/2

[Event "German Bundesliga 2022-23"]
[Site "Germany"]
[Date "2022.10.22"]
[Round "1"]
[White "Andersen, Mads"]
[Black "Kovacevic, Aleksandar"]
[Result "1-0"]
[ECO "B90"]
[WhiteElo "2604"]
[BlackElo "2471"]
[Annotator "ChessBase"]
[PlyCount "103"]
[EventDate "2022.10.21"]
[EventType "team-tourn"]
[EventCountry "GER"]
[SourceTitle "playchess.com"]
[Source "ChessBase"]
[SourceQuality "1"]
[TimeControl "40/6000+30:3000+30"]

1. e4 c5 2. Nf3 d6 3. d4 cxd4 4. Nxd4 Nf6 5. Nc3 a6 6. f3 e5 7. Nb3 Be6 8. Be3 Be7 9. Qd2 h5 10. Be2 Nbd7 11. Nd5 Nxd5 12. exd5 Bf5 13. O-O h4 14. Na5 Qc7 15. c4 O-O 16. b4 h3 17. g3 Rac8 18. Rac1 Qb8 19. Rfd1 Bd8 20. Nb3 b6 21. c5 dxc5 22. Bxa6 Rc7 23. bxc5 Nxc5 24. Nxc5 bxc5 25. Bf1 Rb7 26. Qc3 e4 27. fxe4 Bxe4 28. Bxh3 Re8 29. d6 Bf6 30. Qxc5 Rb2 31. d7 Rd8 32. Qa5 Rc2 33. Rxc2 Bxc2 34. Rc1 Bd3 35. a4 Qb7 36. Rc8 Qb1+ 37. Kf2 Qb2+ 38. Qd2 Qb1 39. Qa5 Qb2+ 40. Qd2 Qb1 41. a5 Kh7 42. Qe1 Qb5 43. Qd1 g6 44. Qf3 Qb2+ 45. Kg1 Kg7 46. Qf2 Qa1+ 47. Rc1 Qa3 48. Rd1 Qb3 49. Qd2 Bc2 50. Rc1 Bd3 51. Rd1 Bc2 52. Rf1 1-0

[Event "German Bundesliga 2022-23"]
[Site "Germany"]
[Date "2022.10.22"]
[Round "1"]
[White "Fridman, Daniel"]
[Black "Efimenko, Zahar"]
[Result "1/2-1/2"]
[ECO "E64"]
[WhiteElo "2603"]
[BlackElo "2599"]
[Annotator "TA"]
[PlyCount "43"]
[EventDate "2022.10.21"]
[EventType "team-tourn"]
[EventCountry "GER"]
[SourceTitle "playchess.com"]
[Source "ChessBase"]
[SourceQuality "1"]
[TimeControl "40/6000+30:3000+30"]

1. Nf3 Nf6 2. g3 g6 3. Bg2 Bg7 4. d4 O-O 5. c4 d6 6. Nc3 c5 7. dxc5 dxc5 8. Qxd8 Rxd8 9. Be3 {[%emt 0:00:07] E64: King's Indian: Fianchetto: 6...c5 7 d5.} Nc6 10. Bxc5 Be6 11. Rc1 {[%emt 0:13:22] The position is equal.} Bxc4 12. Nd2 Bd5 {[%emt 0:02:23] [#]} 13. Nxd5 $146 ({Predecessor:} 13. e4 Be6 14. f4 Rac8 15. Nb3 b6 16. Ba3 Ng4 17. Nd5 Bxd5 18. exd5 Nd4 19. Rxc8 Rxc8 20. Nxd4 Bxd4 {0-1 (25) Marciniak,L (1811)-Owoc,J (1738) Jastrzebia Gora 2022}) 13... Nxd5 14. Nc4 Rac8 15. O-O Ncb4 16. Bxa7 Nxa2 17. Rcd1 b5 18. Na3 Bxb2 {[%emt 0:02:03] [#] ...Ndc3 is the strong threat.} 19. Nxb5 Ndc3 20. Nxc3 Nxc3 21. Rxd8+ Rxd8 22. Re1 {[%emt 0:02:02] An uneventful encounter.  Weighted Error Value: White=0.02 (flawless) /Black=0.01 (flawless)} 1/2-1/2

[Event "German Bundesliga 2022-23"]
[Site "Germany"]
[Date "2022.10.22"]
[Round "1"]
[White "Van Foreest, Lucas"]
[Black "Dardha, Daniel"]
[Result "1/2-1/2"]
[ECO "E32"]
[WhiteElo "2568"]
[BlackElo "2610"]
[Annotator "TA"]
[PlyCount "60"]
[EventDate "2022.10.21"]
[EventType "team-tourn"]
[EventCountry "GER"]
[SourceTitle "playchess.com"]
[Source "ChessBase"]
[SourceQuality "1"]
[TimeControl "40/6000+30:3000+30"]

1. d4 Nf6 2. c4 e6 3. Nc3 Bb4 4. Qc2 O-O 5. e4 d5 6. e5 Ne4 7. Bd3 c5 {[%emt 0:00:13] The position is equal.} 8. Nf3 {[%emt 0:00:13] E32: Nimzo-Indian: Classical (4 Qc2): 4...0-0.} cxd4 9. Nxd4 Nd7 10. Bf4 Qh4 11. g3 Qh5 12. O-O g5 13. cxd5 Bxc3 14. bxc3 exd5 15. Be3 {[%emt 0:00:51] And now f3 would win.} Nxe5 {[%emt 0:00:16] Threatens to win with ...Ng4.} 16. f3 {[%emt 0:00:36] Against Ng4} ({Much weaker is} 16. Bxe4 dxe4 17. Qxe4 Re8 $11) 16... Nc5 17. Bf5 f6 {[%emt 0:01:21] 17...Ne6 gains popularity.} 18. h4 g4 19. fxg4 Nxg4 {[%emt 0:01:47] Pair of Knights!} 20. Qd1 {[%emt 0:02:08] Strongly threatening Rf4.} Kh8 $1 {[%emt 0:02:31] [#]} 21. Ne6 $1 Bxe6 22. Qxg4 {[%emt 0:00:06] The board is on fire.} Qxg4 23. Bxg4 Bxg4 24. Bxc5 Rf7 25. Bd4 Kg8 26. Rxf6 Rxf6 27. Bxf6 Rf8 {[%emt 0:00:15] [#]} 28. Rf1 $146 ({Predecessor:} 28. Bd4 Rf3 29. Kg2 Rd3 30. Re1 Bf3+ {½-½ (30) Celestini,M (2346)-Salati,P (2306) ICCF email 2020}) 28... a6 29. Bd4 Rxf1+ 30. Kxf1 h5 {[%emt 0:00:06] An even fight not without its subleties.  Weighted Error Value: White=0.00 (flawless) /Black=0.00 (flawless)} 1/2-1/2

[Event "German Bundesliga 2022-23"]
[Site "Germany"]
[Date "2022.10.22"]
[Round "1"]
[White "Hracek, Zbynek"]
[Black "Hausrath, Daniel"]
[Result "1-0"]
[ECO "B36"]
[WhiteElo "2542"]
[BlackElo "2465"]
[Annotator "TA"]
[PlyCount "101"]
[EventDate "2022.10.21"]
[EventType "team-tourn"]
[EventCountry "GER"]
[SourceTitle "playchess.com"]
[Source "ChessBase"]
[SourceQuality "1"]
[TimeControl "40/6000+30:3000+30"]

1. e4 c5 2. Nf3 Nc6 3. d4 cxd4 4. Nxd4 g6 5. c4 Nf6 6. Nc3 d6 7. Be2 Nxd4 8. Qxd4 Bg7 9. Be3 O-O 10. Qd3 Be6 {[%emt 0:03:25] 10...a5 injects fresh life into this line.} 11. Bd4 Qa5 12. O-O Rfc8 {[%emt 0:13:19] B36: Sicilian: Maroczy Bind: Gurgenidze System.} 13. b3 Nd7 14. Bxg7 Kxg7 {[%emt 0:00:28] White is slightly better.} 15. f4 Nf6 16. Kh1 a6 {[%emt 0:04:59][%cal Ob7b5] [#]} 17. f5 $146 ({Predecessor:} 17. a4 Bd7 18. Rae1 Bc6 19. Bd1 Rd8 20. Re3 Qc5 21. Nd5 Bxd5 22. exd5 b5 23. Rxe7 bxa4 {½-½ (73) Smejkal,J (2510)-Levchenkov,V (2310) Lubniewice 1994}) 17... Bd7 18. fxg6 hxg6 19. Nd5 {[%emt 0:00:08] [#] Hoping for Qd4.} Bc6 20. Nxe7 ({Much worse is} 20. Nxf6 exf6 21. Rad1 (21. Qxd6 Qg5 $11) 21... Re8 $11) 20... Bxe4 21. Qxd6 Qg5 22. Qxf6+ $1 Qxf6 23. Rxf6 Re8 24. Rd6 {[%emt 0:01:12] Black must now prevent Rd7.} Rxe7 25. Bf1 a5 26. Kg1 Bc6 27. Rad1 Rh8 28. a3 Rh5 29. b4 Rg5 30. g3 axb4 31. axb4 Rf5 32. b5 Bf3 33. Rd7 Ree5 (33... Re3 $142) 34. Rc1 $16 g5 35. h3 Be4 (35... b6 $142) 36. Rc3 Bf3 37. Rd2 {[%emt 0:00:23] White is more active.} g4 38. hxg4 Bxg4 39. Rf2 Rg5 40. Bg2 Re1+ 41. Rf1 Re7 42. c5 b6 (42... Be6 $16 43. Rb1 Bd5) 43. Rb1 $18 Rxc5 (43... Rc7) 44. Rxc5 bxc5 {[%emt 0:00:02][%mdl 4096] Endgame KRB-KRB} 45. b6 {[%emt 0:00:00] [#] Strongly threatening b7.} Bc8 46. b7 Bxb7 47. Rxb7 ({Less strong is} 47. Bxb7 Rc7 48. Bd5 c4 $18) 47... Re5 48. Rd7 Kg6 49. Kf2 Re8 $2 (49... c4 50. Rc7 Ra5 51. Rxc4 Kf5 52. Rf4+ Kg6) 50. Bd5 Rf8 51. Rc7 {[%emt 0:00:00] Weighted Error Value: White=0.05 (flawless) /Black=0.21 (precise)} 1-0

[Event "German Bundesliga 2022-23"]
[Site "Germany"]
[Date "2022.10.22"]
[Round "1"]
[White "Handke, Florian"]
[Black "Zelcic, Robert"]
[Result "1-0"]
[ECO "B12"]
[WhiteElo "2526"]
[BlackElo "2495"]
[Annotator "TA"]
[PlyCount "107"]
[EventDate "2022.10.21"]
[EventType "team-tourn"]
[EventCountry "GER"]
[SourceTitle "playchess.com"]
[Source "ChessBase"]
[SourceQuality "1"]
[TimeControl "40/6000+30:3000+30"]

1. e4 c6 2. d4 d5 3. e5 c5 4. Nf3 cxd4 5. Qxd4 Nc6 6. Qf4 {[%emt 0:00:07] B12: Caro-Kann: Advance Variation.} e6 7. Bd3 Nb4 8. Bd2 {[%emt 0:00:33] The position is equal.} Nxd3+ 9. cxd3 {[%emt 0:00:06] [#]} Nh6 $146 ({Predecessor:} 9... f5 10. Nc3 Bd7 11. Ne2 Qb6 12. O-O Ne7 13. Qg3 Rc8 14. Bc3 h6 15. Nf4 Kf7 {1-0 (32) Pijpers,A (2455)-Wiersma,E (2300) Hilversum 2022}) 10. O-O Be7 11. Bb4 O-O 12. Bxe7 Qxe7 13. Nc3 Bd7 14. a3 Nf5 15. Rac1 Rac8 16. Ne2 Bb5 17. Qd2 b6 18. Ned4 Nxd4 19. Nxd4 Bd7 20. b4 h6 21. g3 f6 22. Rfe1 fxe5 23. Rxe5 Qf6 24. Rce1 Rfe8 (24... Rc1 $11 {keeps the balance.} 25. f4 (25. Qxc1 Qxf2+ 26. Kh1 Qxd4 $11) (25. Rxc1 Qxe5 26. Qe3 Qxe3 $11) (25. Nxe6 $2 Rxe1+ 26. Qxe1 Re8 $19) 25... Rxe1+ 26. Qxe1 Rc8) 25. R1e3 $16 Kh7 26. Kg2 Qg6 27. h3 Rc7 (27... a6 $142) 28. Rf3 Rec8 29. Qe2 {[%emt 0:18:06][%cal Rd4e6] White is more active.} Re8 30. Qe1 {[%emt 0:03:18] Inhibits Rc1.} Kg8 (30... Rcc8 $16 {might work better.}) 31. b5 Bc8 {[%emt 0:08:06] [#]} (31... Rcc8 $16 32. Rfe3 Rcd8) 32. a4 (32. h4 $1 $18) 32... Rf7 33. Rfe3 Ref8 34. f3 Rf6 35. Qe2 Qf7 (35... Re8 $16 36. Rxd5 Qf7) 36. h4 Bd7 $2 {[%emt 0:00:14] A mistake that costs the game.} (36... Re8 $16 37. Rxd5 Bb7) 37. Nxe6 $18 Rxe6 38. Rxe6 Bxe6 39. Rxe6 {[%emt 0:00:03][%mdl 4096] Endgame KQR-KQR} Rc8 40. Re7 Rc2 41. Rxf7 ({Not} 41. Qxc2 Qxe7 42. d4 (42. Qc8+ Kh7 $16) 42... Qf6 $16) 41... Rxe2+ {[%emt 0:00:02] KR-KR} 42. Kf1 Re3 43. Kf2 Rxd3 44. Rxa7 Ra3 45. h5 d4 46. f4 Ra2+ 47. Kf3 {[%emt 0:00:09][%cal Oa4a5] [#] a5! is the strong threat.} Ra3+ 48. Ke4 d3 49. Ke3 {[%emt 0:01:34][%cal Oa4a5] Hoping for a5!} d2+ 50. Kxd2 {[%emt 0:00:08][%cal Oa4a5] aiming for a5!} Rxg3 51. a5 {[%emt 0:02:48] White mates.} bxa5 52. b6 Rb3 53. b7 Kh7 54. f5 {[%emt 0:00:06] Weighted Error Value: White=0.08 (flawless) /Black=0.33} 1-0

[Event "German Bundesliga 2022-23"]
[Site "Germany"]
[Date "2022.10.22"]
[Round "1"]
[White "Palac, Mladen"]
[Black "Van Wely, Loek"]
[Result "0-1"]
[ECO "B46"]
[WhiteElo "2516"]
[BlackElo "2629"]
[Annotator "TA"]
[PlyCount "78"]
[EventDate "2022.10.21"]
[EventType "team-tourn"]
[EventCountry "GER"]
[SourceTitle "playchess.com"]
[Source "ChessBase"]
[SourceQuality "1"]
[TimeControl "40/6000+30:3000+30"]

1. e4 c5 2. Nf3 e6 3. d4 cxd4 4. Nxd4 Nc6 5. Nc3 a6 6. Bf4 d6 {[%emt 0:02:04] Strongly threatening ...Nxd4.} 7. Nxc6 {[%emt 0:00:36] 7.Nxc6 is better than 7.Bg3. B46: Sicilian: Taimanov: 5 Nc3 a6.} bxc6 8. Qd2 e5 9. Bg3 {[%emt 0:00:04] White is slightly better.} (9. Bg5 $5 Nf6 10. Be2 $14) 9... Nf6 10. O-O-O Be7 11. Bc4 O-O {[%emt 0:01:30] [#]} 12. Bh4 $146 ({Predecessor:} 12. Kb1 Be6 13. Bb3 Nd7 14. f4 exf4 15. Bxf4 Ne5 16. Ne2 c5 17. Bxe6 fxe6 18. Bxe5 dxe5 {0-1 (27) Ponkratov,P (2621)-Grachev,B (2621) Sochi 2019}) 12... Be6 13. Bb3 a5 14. Bxf6 gxf6 15. f4 exf4 16. Qxf4 Kh8 17. Kb1 Rg8 18. Rd2 Rb8 19. Rf1 Rb4 20. Qf3 Qb8 21. Ne2 (21. Ka1 $14 {keeps the upper hand.}) 21... a4 $1 $17 22. c3 $2 {[%emt 0:00:58] Loses the game.} (22. a3 $17 Rb5 23. Bxe6 Rxb2+ 24. Ka1 fxe6 25. Nd4) 22... Rxb3 $19 (22... axb3 23. cxb4 bxa2+ 24. Ka1 $11) 23. axb3 axb3 24. c4 Bxc4 {[%emt 0:03:48] And now ...Qa7 would win.} 25. Rfd1 c5 26. Nc3 Be6 $40 {[%emt 0:04:41][%mdl 128] Black has strong attack.} 27. Nd5 {[%emt 0:01:53] [#]} Bf8 (27... Bg4 28. Qc3 Qa7 29. Qxb3 $17) 28. Qc3 ({Don't blunder} 28. Nxf6 $2 Qa7 29. Qd3 c4 $19) ({Wrong is} 28. Qxf6+ $2 Bg7 29. Qf3 {[#]} Bg4 $1 $19) (28. g3 {was called for.}) 28... Bg7 {[%emt 0:01:03] Threatens to win with ...f5.} 29. Qc4 f5 30. Rd3 fxe4 {[%emt 0:01:46] Really sharp!} 31. Rxb3 Qc8 32. Re3 $2 (32. g3 {keeps fighting.}) 32... f5 33. g4 fxg4 {[%emt 0:01:08] White must now prevent ...Qb7.} 34. Kc1 (34. Rd2 $142 Rf8 35. Kc2) 34... Qb7 35. Re2 Ra8 36. Qxe4 Ra1+ 37. Kd2 Rxd1+ (37... Bxd5 $142 38. Qe8+ Bg8) 38. Kxd1 Qxd5+ 39. Qxd5 Bxd5 {[%emt 0:00:05] Weighted Error Value: White=0.86/Black=0.31} 0-1

[Event "German Bundesliga 2022-23"]
[Site "Germany"]
[Date "2022.10.22"]
[Round "1"]
[White "Buckels, Valentin"]
[Black "Edouard, Romain"]
[Result "1/2-1/2"]
[ECO "A46"]
[WhiteElo "2456"]
[BlackElo "2554"]
[Annotator "TA"]
[PlyCount "74"]
[EventDate "2022.10.21"]
[EventType "team-tourn"]
[EventCountry "GER"]
[SourceTitle "playchess.com"]
[Source "ChessBase"]
[SourceQuality "1"]
[TimeControl "40/6000+30:3000+30"]

1. d4 Nf6 2. Nf3 e6 3. Bf4 d5 4. e3 Bd6 5. Ne5 O-O 6. Nd2 c5 7. c3 {[%emt 0:00:29] D02: 1 d4 d5 2 Nf3 sidelines, including 2...Nf6 3 g3 and 2...Nf6 3 Bf4.} Nc6 {[%emt 0:02:23] 7...Qc7 injects fresh life into this line.} 8. Bd3 Qc7 9. Ndf3 h6 10. Bg3 Ne4 11. Nxc6 bxc6 12. Bxd6 Qxd6 13. Qa4 {[%emt 0:10:41] [#]} (13. Bxe4 $5 dxe4 14. Nd2 $11) 13... Rb8 $146 ({Predecessor:} 13... cxd4 14. Bxe4 dxe4 15. Qxd4 Qb8 16. Qxe4 Qxb2 17. O-O Qxc3 18. Rfc1 Qf6 19. Qxc6 Rb8 {½-½ (81) Thelen,T (1944)-Milliet,S (2397) Paleochora 2018}) 14. O-O cxd4 15. cxd4 Rxb2 16. Bxe4 dxe4 17. Ne5 Rb5 18. Rfc1 {[%emt 0:17:42][%mdl 1024] White has compensation.} Bb7 19. Qc2 Rc8 20. a4 Rd5 21. Rab1 Qe7 ({Black should play} 21... Ba6 $1 $15 22. Qxe4 c5) 22. Rb3 (22. Qxe4 $11 c5 23. h3) 22... c5 $15 23. Rc3 $1 ({Much weaker is} 23. Qxe4 cxd4 24. Rxc8+ Bxc8 $17) 23... Qf8 24. h3 cxd4 25. Rxc8 Bxc8 26. Qxc8 (26. exd4 $11 Bd7 27. Qxe4) 26... Rxe5 $17 27. exd4 $11 {[%emt 0:01:18][%mdl 4096] Endgame KQR-KQR} Rd5 28. Qb7 Rxd4 (28... Qd6 $1 $15) 29. Rc8 $1 Rd8 30. Rxd8 Qxd8 31. Qxa7 {[%emt 0:00:09] KQ-KQ} f5 32. a5 {[%emt 0:01:16] And now Qb6 would win.} Qd1+ 33. Kh2 {[%emt 0:00:02] Hoping for Qb8+.} Qd6+ 34. Kg1 {[%emt 0:00:44] Strongly threatening Qb6.} Kh7 {[%emt 0:00:27] [#]} (34... Qd1+ $11 {keeps the balance.} 35. Kh2 Qd6+ 36. Kg1 Qd1+) 35. a6 ({White should try} 35. Qb6 $1 $16 Qd1+ 36. Kh2) 35... Qd1+ {[%emt 0:03:33] The position is equal.} 36. Kh2 Qd6+ 37. Kg1 Qd1+ {[%emt 0:00:04] Weighted Error Value: White=0.13 (very precise) /Black=0.14 (very precise)} 1/2-1/2